 Dungeon Crawl Stone Soup version 0.20.1-1-g8b1a95d66d (webtiles) character file.

1309 Democracy123 the Skirmisher (level 8, -1/57 HPs)
             Began as an Octopode Fighter on Dec 26, 2017.
             Was a Believer of Dithmenos.
             Slain by a warg (5 damage)
             ... on level 7 of the Dungeon on Dec 27, 2017.
             The game lasted 01:55:44 (8204 turns).

Democracy123 the Skirmisher (Octopode Fighter)      Turns: 8204, Time: 01:55:45

Health: -1/57      AC:  1    Str: 17    XL:     8   Next: 58%
Magic:  8/8        EV: 14    Int: 11    God:    Dithmenos [**....]
Gold:   89         SH: 11    Dex: 13    Spells: 7/7 levels left

rFire    + . .     SeeInvis +   o - +0 spear
rCold    . . .     Gourm    .   b - +1 shield
rNeg     . . .     Faith    .   (helmet restricted)
rPois    +         Spirit   .   (no amulet)
rElec    .         Reflect  .   n - ring of see invisible
rCorr    .         Harm     .   S - ring of protection from fire
MR       .....                  O - ring of poison resistance
Stlth    ++++++....             Q - ring of stealth
Regen    0.2/turn               (no ring)
MPRegen  0.2/turn               (no ring)
                                (no ring)
                                (no ring)

@: wreathed by umbra
A: almost no armour, stealthy swim, amphibious, 8 rings, constrict 8, camouflage
1, strong 1, wild magic 1, gelatinous body 1
a: Shadow Step, Renounce Religion


You were on level 7 of the Dungeon.
You worshipped Dithmenos.
Dithmenos was pleased with you.
You were near starving.

You visited 2 branches of the dungeon, and saw 9 of its levels.
You also visited: Sewer.

You collected 339 gold pieces.
You spent 250 gold pieces at shops.

Inventory:

Hand Weapons
 a - a +0 trident
 g - a +3 dagger of electrocution
 m - a +0 short sword of protection
 o - a +0 spear (weapon)
 u - a +0 blowgun
 H - a +0 shortbow
 I - a +2 hunting sling of freezing
Missiles
 e - a curare-tipped needle
 l - 180 stones
 r - 9 javelins
 v - 6 poisoned needles
 x - 7 tomahawks (quivered)
 B - 31 bolts
 F - 30 arrows
 N - 16 sling bullets
Armour
 b - a +1 shield (worn)
Jewellery
 n - a ring of see invisible (left tentacle)
 O - a ring of poison resistance (on tentacle)
 Q - a ring of stealth (on tentacle)
 S - a ring of protection from fire (right tentacle)
Wands
 J - a wand of random effects (34/48)
 M - a wand of confusion (8/48)
Scrolls
 j - a scroll of enchant armour
 p - a scroll of fog {unknown}
 q - a scroll of recharging {unknown}
 y - 2 scrolls of identify
 A - a scroll of noise {unknown}
 D - 2 scrolls of immolation
 E - 2 scrolls of remove curse
 G - 2 scrolls of enchant weapon {unknown}
 P - a scroll of fear {unknown}
Potions
 c - a potion of might
 f - 3 potions of agility {unknown}
 h - a potion of resistance
 k - a potion of ambrosia {unknown}
 s - 3 potions of flight
 t - 4 potions of curing
 w - 2 potions of brilliance
 z - a potion of lignification {unknown}
 C - a potion of cancellation {unknown}
 K - a potion of experience {unknown}
Books
 L - a book of Maledictions

   Spells                             Type                      Level
   a - Corona                         Hexes                        1
   b - Ensorcelled Hibernation        Hexes/Ice                    2
   c - Confuse                        Hexes                        3
   d - Tukima's Dance                 Hexes                        3
   e - Dazzling Spray                 Conjuration/Hexes            3
Comestibles
 d - 2 bread rations
 i - 3 meat rations


   Skills:
 * Level 5.9 Fighting
 * Level 5.2 Polearms
 * Level 5.4 Dodging
 + Level 3.9 Stealth
 * Level 5.6 Shields


You had 7 spell levels left.
You didn't know any spells.

Dungeon Overview and Level Annotations

Branches:
Dungeon (8/15)             Temple (1/1) D:6
   Lair: D:8-11

Altars:
Ashenzari
Dithmenos
Elyvilon
Fedhas
Gozag
Hepliaklqana
Kikubaaqudgha
Makhleb
Nemelex Xobeh
Okawaru
Ru
Sif Muna
Trog
Uskayaw
Vehumet
Xom
Zin
The Shining One

Shops:
D:7 =

Annotations:
D:8 chimenez's ghost, novice OpEE


Innate Abilities, Weirdness & Mutations

You cannot wear most types of armour.
You are very stealthy in the water. (Stealth+)
You are amphibious.
You can wear up to eight rings at the same time.
You can use your tentacles to constrict eight enemies at once.
Your skin changes colour to match your surroundings (Stealth+).
Your rubbery body absorbs attacks. (AC +1, EV +1)
Your muscles are strong. (Str +2)
Your spells are a little harder to cast, but a little more powerful.


Message History

There is an escape hatch in the ceiling here.
A mysterious force pulls you upwards. The hatch slams shut behind you.
You hit the warg.
The warg is lightly wounded.
The warg barely misses you.
You hit the warg but do no damage.
The warg is lightly wounded.
The warg misses you.
You completely miss the warg.
The warg is lightly wounded.
The warg barely misses you. The warg bites you!
* * * LOW HITPOINT WARNING * * *
The warg closely misses you. You block the warg's attack.
The warg completely misses you.
Press: ? - help, v - describe, . - travel
Here: a warg (lightly wounded, umbra)
The floor.
The warg bites you.
You die...

##.####.##.......#######.##
#.......##.####............
#####..#######.#
##.####.###.# #.........#
#.# #......# #.#
#.#######.# #.#
#.####.###.. #.# #.####.#
#..# #.....# ##.# #....#.##
###.#####.... #..#
#.##..#.###.....# #####
##..# #.#..h@...#.#.###
....# #.#.#.#.#.#.._..#
##..#######.#.##.##.###.#.#
#..>.....).#.##..#.#.....#
##..#########.###.#.###.###
##..#########.##....##..#
##....†................##
#######.#####.##...###.# #
#.# #.###.####.#


You could see a warg.

Vanquished Creatures
  A hungry ghost (D:8)
  An ogre (D:7)
  A centaur (Temple)
  2 big kobolds
  3 bullfrogs
  2 scorpions
  A centaur zombie (D:5)
  A bullfrog zombie (D:6)
  2 hounds
  An orc wizard (D:6)
  Jessica (D:3)
  7 worker ants
  A hound skeleton (D:4)
  4 gnolls (D:2)
  3 adders
  3 river rats
  3 oozes
  2 worms (D:3)
  3 dart slugs
  5 leopard geckos
  8 orcs
  6 giant cockroaches
  7 hobgoblins
  13 jackals
  8 quokkas
  4 ball pythons
  5 bats
  2 frilled lizards
  7 goblins
  A jackal skeleton (D:5)
  16 kobolds
  A quokka zombie (D:6)
  11 rats
136 creatures vanquished.

Notes
Turn   | Place    | Note
-------+----------+-------------------------------------------
     0 | D:1      | Democracy123 the Octopode Fighter began the quest for the Orb.
     0 | D:1      | Reached XP level 1. HP: 16/16 MP: 1/1
   212 | D:1      | Reached XP level 2. HP: 17/21 MP: 2/2
   829 | D:1      | Reached XP level 3. HP: 26/26 MP: 3/3
  1060 | D:2      | Reached XP level 4. HP: 12/32 MP: 4/4
  1461 | D:2      | Found a white marble altar of Elyvilon.
  1501 | D:2      | Reached XP level 5. HP: 34/37 MP: 5/5
  1548 | D:2      | Found a shadowy altar of Dithmenos.
  1561 | D:2      | Found an ancient bone altar of Kikubaaqudgha.
  1561 | D:2      | Found a radiant altar of Vehumet.
  1575 | D:2      | Found a burning altar of Makhleb.
  1844 | D:2      | Became a worshipper of Dithmenos the Shadowed
  1901 | D:3      | Found a glowing drain.
  2082 | D:3      | Reached * piety under Dithmenos
  2204 | D:3      | Noticed Jessica
  2204 | D:3      | Noticed an ice beast
  2271 | Sewer    | Entered a sewer
  2688 | Sewer    | Noticed a big kobold
  2713 | Sewer    | Killed a big kobold
  2713 | Sewer    | Reached XP level 6. HP: 44/44 MP: 6/6
  2749 | Sewer    | Found a white marble altar of Elyvilon.
  2775 | Sewer    | Gained mutation: You are weak. (Str -2) [potion of mutation]
  2775 | Sewer    | Gained mutation: You can translocate small distances at will. [potion of mutation]
  3008 | D:3      | Killed Jessica
  3717 | D:4      | Found a sacrificial altar of Ru.
  3950 | D:4      | Lost mutation: You are weak. (Str -2) [potion of mutation]
  3950 | D:4      | Lost mutation: You can translocate small distances at will. [potion of mutation]
  3950 | D:4      | Gained mutation: Your spells are a little harder to cast, but a little more powerful. [potion of mutation]
  3950 | D:4      | Gained mutation: Your muscles are strong. (Str +2) [potion of mutation]
  4736 | D:5      | Entered Level 5 of the Dungeon
  4833 | D:5      | Reached XP level 7. HP: 35/49 MP: 7/7
  5019 | D:5      | Reached ** piety under Dithmenos
  5019 | D:5      | Reached skill level 1 in Stealth
  5256 | D:6      | Found a shimmering altar of Xom.
  5256 | D:6      | Found a shimmering altar of Xom.
  5335 | D:6      | Reached skill level 5 in Fighting
  5374 | D:6      | Found a shimmering altar of Xom.
  5557 | D:6      | Found a staircase to the Ecumenical Temple.
  5580 | Temple   | Entered the Ecumenical Temple
  6566 | D:6      | Found a shimmering altar of Xom.
  6571 | D:6      | Found a shimmering altar of Xom.
  6571 | D:6      | Found a shimmering altar of Xom.
  7176 | D:7      | Reached skill level 5 in Shields
  7351 | D:7      | Found an opulent altar of Gozag.
  7532 | D:7      | Reached XP level 8. HP: 56/56 MP: 8/8
  7582 | D:7      | Reached skill level 5 in Dodging
  7616 | D:7      | Found Nuroseich's Jewellery Emporium.
  7624 | D:7      | Bought an uncursed ring of protection from fire for 250 gold pieces
  7799 | D:8      | Found a blossoming altar of Fedhas.
  7810 | D:8      | Noticed chimenez's ghost (novice OpEE)
  7823 | D:7      | Reached skill level 5 in Polearms
  8191 | D:7      | HP: 2/57 [warg (17)]
  8204 | D:7      | Slain by a warg

Skill      XL: |  1  2  3  4  5  6  7  8 |
---------------+-------------------------+-----
Polearms       | 3 4 5 |  5.2
Fighting       | 4 5 |  5.9
Shields        | 4 5 |  5.6
Dodging        | 4 5 |  5.4
Stealth        | 3 |  3.9

Action                   |  1- 3 |  4- 6 |  7- 9 || total
-------------------------+-------+-------+-------++-------
Melee: Unarmed           |    17 |       |       ||    17
       Constrict         |    19 |    48 |    21 ||    88
       Tentacles         |    13 |    40 |    25 ||    78
       Trident           |    40 |     5 |       ||    45
       Spear             |       |   175 |   135 ||   310
 Fire: Blowgun           |       |     9 |     3 ||    12
Throw: Stone             |     2 |    40 |     1 ||    43
       Javelin           |       |    24 |       ||    24
       Tomahawk          |       |       |    45 ||    45
  Use: Scroll            |       |     8 |     4 ||    12
       Potion            |       |     4 |       ||     4
 Stab: Sleeping          |     5 |     2 |     1 ||     8
       Distracted        |     1 |     1 |       ||     2
  Eat: Chunk             |       |     8 |     3 ||    11
       Bread ration      |       |     1 |     1 ||     2
       Royal jelly       |       |     1 |       ||     1
       Meat ration       |       |       |     1 ||     1
Armor: Skin              |     3 |    12 |     4 ||    19
Dodge: Dodged            |    28 |   109 |    70 ||   207
Block: Shield            |    29 |    99 |    68 ||   196
